 Dungeon Crawl Stone Soup version 0.23-a0-151-gf6d1ed2717 (webtiles) character file.

7800 MirrMurr the Spear-Bearer (level 11, -18/84 HPs)
             Began as a Demonspawn Berserker on Sept 8, 2018.
             Was a High Priest of Trog.
             Demolished by a large abomination (24 damage)
             ... on level 2 of the Abyss.
             The game lasted 00:27:40 (10160 turns).

MirrMurr the Spear-Bearer (Demonspawn Berserker)   Turns: 10160, Time: 00:27:40

Health: -18/84     AC: 14    Str: 21    XL:     11   Next: 1%
Magic:  0/11       EV:  9    Int:  9    God:    Trog [*****.]
Gold:   714        SH: 10    Dex: 15    Spells: 10/10 levels left

rFire    . . .     SeeInvis +   a - +0 trident
rCold    . . .     Gourm    .   o - +0 shield
rNeg     . . .     Faith    .   k - +0 plate armour
rPois    .         Spirit   +   (helmet unavailable)
rElec    .         Reflect  .   (no cloak)
rCorr    .         Harm     .   G - +0 pair of fencer's gloves {+Riposte Dex+3}
MR       +++..                  (no boots)
Stlth    ..........             p - amulet of guardian spirit
HPRegen  1.24/turn              w - +1 ring of evasion
MPRegen  0.12/turn              D - ring of protection from magic

@: regenerating
A: antennae 3, claws 1, talons 1, nightstalker 2
a: Berserk, Trog's Hand, Brothers in Arms, Renounce Religion


You were on level 2 of the Abyss.
You worshipped Trog.
Trog was extremely pleased with you.
You were not hungry.

You visited 2 branches of the dungeon, and saw 10 of its levels.
You visited the Abyss 1 time.

You collected 714 gold pieces.

Inventory:

Hand Weapons
 a - a +0 trident (weapon)
 b - a +0 hunting sling
 q - a +0 blowgun
Missiles
 g - 113 sling bullets
 n - 41 poisoned needles
 v - 3 throwing nets {!f}
 x - 362 stones
 y - 5 javelins (quivered)
Armour
 k - a +0 plate armour (worn)
 l - a +1 pair of gloves of strength
 o - a +0 shield (worn)
 G - the +0 pair of fencer's gloves (worn) {+Riposte Dex+3}
   (You found it on level 8 of the Dungeon)

   It affects your dexterity (+3).
Jewellery
 p - an amulet of guardian spirit (around neck)
 w - a +1 ring of evasion (left hand)
 D - a ring of protection from magic (right hand)
 F - an uncursed ring of wizardry {unknown}
Wands
 e - a wand of paralysis (17)
 A - a wand of iceblast (14)
 I - a wand of random effects (21)
Scrolls
 i - 3 scrolls of teleportation
 r - 4 scrolls of remove curse
 E - a scroll of enchant armour {unknown}
Potions
 d - a potion of degeneration {unknown}
 f - a potion of flight {unknown}
 h - a potion of haste
 j - 8 potions of curing
 m - a potion of might {unknown}
 s - 2 potions of heal wounds
 t - a potion of ambrosia {unknown}
 u - 2 potions of agility
 z - 2 potions of lignification
 B - a potion of mutation
 H - a potion of invisibility {unknown}
Comestibles
 c - 21 rations


   Skills:
 + Level 7.6 Fighting
 * Level 9.4 Polearms
 + Level 2.5 Slings
 + Level 6.5 Armour
 + Level 6.3 Dodging
 + Level 5.8 Shields


You had 10 spell levels left.
You didn't know any spells.
Your spell library was empty.

Dungeon Overview and Level Annotations

Branches:
Dungeon (9/15)             Temple (1/1) D:5
   Lair: D:8-11         Orc: D:9-12

Altars:
Cheibriados
Dithmenos
Elyvilon
Fedhas
Gozag
Kikubaaqudgha
Makhleb
Nemelex Xobeh
Okawaru
Trog
Uskayaw
Yredelemnul
The Shining One

Shops:
D:5 }   D:6 }?!=   D:8 *

Annotations:
D:8 1 runed door, Vesto's ghost, novice GrFi
D:9 Psyche


Innate Abilities, Weirdness & Mutations

You have a pair of large antennae on your head. (SInv)
You have sharp fingernails.
You have sharp toenails.
You are significantly more attuned to the shadows.


Message History

The large abomination barely misses you.
You riposte.
You hit the large abomination but do no damage.
You claw the large abomination, but do no damage.
The large abomination is heavily damaged.
You are too injured to fight recklessly!
You are too injured to fight recklessly!
Your plate armour prevents you from hitting the large abomination.
The large abomination is heavily damaged.
The large abomination hits you!!
* * * LOW HITPOINT WARNING * * *
You barely miss the large abomination.
You claw the large abomination, but do no damage.
The large abomination is heavily damaged.
You block the large abomination's attack.
You hit the large abomination but do no damage.
Your kick misses the large abomination.
The large abomination is heavily damaged.
The large abomination hits you!!
You die...

# ## # #
#. #. #..
#. #..
..# .# .#
#
.#.....#.
. . .##..
# # .. .
. ...#.
.... ..
.. #.. .#
# .# . .
#..##
#...###X#
# ##...@#
#.#### #


You could see a large abomination.

Vanquished Creatures
  A komodo dragon (D:5)
  An ancient zyme (Abyss:2)
  Grinder (D:4)
  Prince Ribbit (D:6)
  A hippogriff (D:8)
  Sigmund (D:2)
  4 fire bats (D:8)
  A spriggan (D:8)
  A ynoxinul (Abyss:2)
  Edmund (D:4)
  2 water moccasins
  A hell hound (D:8)
  2 ice beasts
  An orc warrior (D:8)
  5 sky beasts
  A large abomination (Abyss:2)
  2 phantoms
  6 ogres
  6 centaurs
  10 big kobolds
  4 bullfrogs
  2 wyvern zombies
  A gnoll sergeant (D:5)
  A scorpion (D:6)
  5 howler monkeys
  A crimson imp (D:5)
  2 small abominations (Abyss:2)
  A bullfrog zombie (D:8)
  2 lava snakes (D:8)
  A quasit (D:7)
  3 hounds
  3 jellies
  4 orc priests
  3 centaur zombies
  4 gnoll shamans (D:5)
  Natasha (thrice) (D:3)
  3 iguanas
  3 orc wizards
  3 worker ants
  A hound zombie (D:6)
  4 hound skeletons
  2 worker ant zombies
  Robin (D:2)
  10 adders
  34 gnolls
  2 shadow imps
  4 oozes
  An adder zombie (D:5)
  3 adder skeletons
  2 worms
  4 dart slugs
  4 leopard geckos
  25 orcs
  5 giant cockroaches
  12 goblins
  16 hobgoblins
  14 jackals
  2 quokkas
  4 bats
  5 frilled lizards
  A giant cockroach zombie (D:5)
  55 kobolds
  2 leopard gecko skeletons (D:7)
  A quokka zombie (D:5)
  5 rats
  3 fire vortices (D:8)
320 creatures vanquished.

Vanquished Creatures (collateral kills)
  An ogre (D:9)
1 creature vanquished.

Vanquished Creatures (others)
  A two-headed ogre (D:8)
  A hound (D:8)
  An orc wizard (D:7)
  A killer bee zombie (D:8)
  A bat (D:1)
  5 plants (D:8)
10 creatures vanquished.

Grand Total: 331 creatures vanquished

Notes
Turn   | Place    | Note
-------+----------+-------------------------------------------
     0 | D:1      | MirrMurr the Demonspawn Berserker began the quest for the
                  | Orb.
     0 | D:1      | Reached XP level 1. HP: 18/18 MP: 1/1
   413 | D:1      | Gained mutation: You have sharp toenails. [demonic
                  | ancestry]
   413 | D:1      | Reached XP level 2. HP: 24/24 MP: 2/2
   509 | D:1      | Reached skill level 3 in Polearms
   967 | D:2      | Found a blossoming altar of Fedhas.
   992 | D:2      | Reached XP level 3. HP: 29/29 MP: 3/3
  1037 | D:2      | Noticed Robin
  1650 | D:2      | Reached XP level 4. HP: 35/35 MP: 4/4
  1688 | D:2      | Reached ** piety under Trog
  1702 | D:2      | Killed Robin
  1996 | D:2      | Noticed Sigmund
  2006 | D:2      | Killed Sigmund
  2006 | D:2      | Reached skill level 4 in Polearms
  2006 | D:2      | Reached skill level 1 in Shields
  2006 | D:2      | Gained mutation: You have a pair of small antennae on your
                  | head. [demonic ancestry]
  2006 | D:2      | Reached XP level 5. HP: 42/42 MP: 5/5
  2293 | D:3      | Gained mutation: You have a pair of antennae on your head.
                  | [demonic ancestry]
  2293 | D:3      | Reached XP level 6. HP: 48/48 MP: 6/6
  2700 | D:3      | Noticed Natasha
  2712 | D:3      | Killed Natasha
  3148 | D:3      | Reached *** piety under Trog
  3208 | D:3      | Gained mutation: You have sharp fingernails. [demonic
                  | ancestry]
  3208 | D:3      | Reached XP level 7. HP: 55/55 MP: 7/7
  3215 | D:3      | Reached skill level 5 in Polearms
  3342 | D:3      | Noticed Natasha
  3380 | D:3      | Killed Natasha
  3435 | D:3      | Noticed Natasha
  3457 | D:3      | Killed Natasha
  3791 | D:3      | Reached **** piety under Trog
  3791 | D:3      | Gained mutation: You have a pair of large antennae on your
                  | head. (SInv) [demonic ancestry]
  3791 | D:3      | Reached XP level 8. HP: 61/61 MP: 8/8
  4012 | D:4      | Reached skill level 5 in Fighting
  4029 | D:4      | Noticed Edmund
  4062 | D:4      | Killed Edmund
  4194 | D:4      | Reached skill level 6 in Polearms
  4617 | D:4      | Noticed Grinder
  4638 | D:4      | Killed Grinder
  4896 | D:5      | Entered Level 5 of the Dungeon
  5001 | D:5      | Found a staircase to the Ecumenical Temple.
  5010 | Temple   | Entered the Ecumenical Temple
  5033 | D:5      | Gained mutation: You are slightly more attuned to the
                  | shadows. [demonic ancestry]
  5033 | D:5      | Reached XP level 9. HP: 53/69 MP: 7/9
  5189 | D:5      | Reached skill level 7 in Polearms
  5202 | D:5      | Found Estiym's Gadget Shoppe.
  5622 | D:5      | Reached ***** piety under Trog
  5806 | D:5      | Reached skill level 5 in Armour
  6134 | D:5      | Noticed a komodo dragon
  6147 | D:5      | Killed a komodo dragon
  6147 | D:5      | Reached skill level 5 in Dodging
  6735 | D:6      | Reached skill level 8 in Polearms
  6844 | D:6      | Found Kewamm's Distillery.
  6852 | D:6      | Noticed Prince Ribbit
  7087 | D:6      | Found a bloodstained altar of Trog.
  7133 | D:6      | Found Bapnof's Jewellery Shoppe.
  7189 | D:6      | Found Welaisul's Gadget Shop.
  7255 | D:6      | Found Neusas's Magic Scroll Emporium.
  7287 | D:6      | Gained mutation: You are significantly more attuned to the
                  | shadows. [demonic ancestry]
  7287 | D:6      | Reached XP level 10. HP: 76/77 MP: 8/10
  7393 | D:6      | Killed Prince Ribbit
  7393 | D:6      | Reached skill level 5 in Shields
  8457 | D:8      | Noticed a two-headed ogre
  8506 | D:8      | Found Gasuaral's General Store.
  8552 | D:8      | Reached skill level 1 in Slings
  8661 | D:8      | Found a runed door.
  8663 | D:8      | Noticed Vesto's ghost (novice GrFi)
  8718 | D:8      | Received a gift from Trog
  8786 | D:8      | Killed a two-headed ogre
  8793 | D:8      | Found a burning altar of Makhleb.
  8817 | D:8      | Reached skill level 9 in Polearms
  9348 | D:8      | Found the +0 pair of fencer's gloves {+Riposte Dex+3}
  9923 | D:9      | Noticed Psyche
  9928 | D:9      | Cast into level 2 of the Abyss (Psyche)
 10024 | Abyss:2  | Received a gift from Trog
 10137 | Abyss:2  | Reached XP level 11. HP: 59/84 MP: 6/11
 10140 | Abyss:2  | Noticed a large abomination
 10158 | Abyss:2  | HP: 4/84 [large abomination (25)]
 10160 | Abyss:2  | Demolished by a large abomination

Vault maps used:
D:1:      shiori_arrival_oz
D:2:      fedhas_altar_3, uniq_robin, uniq_sigmund
D:3:      minmay_goblin_kobold_castle, patterned_corridor, uniq_natasha
D:4:      first_ration, uniq_edmund, uniq_grinder
D:5:      lemuel_castle_with_subvaults, temple_doors_e, serial_shops,
          nicolae_shop_stone, hangedman_decor_diamond_cutter
D:6:      serial_shops, kennysheep_mini, nicolae_shop_crystal,
          kennysheep_mini_moat, nicolae_shop_temple_entry_statues_fountains,
          minmay_ruined_shrine, uniq_prince_ribbit1
D:8:      lightli_temple_of_fire, ebering_ghost_funeral_grove, serial_shops,
          shop, the_bakery, hangedman_incinerator
D:9:      kennysheep_opposing_triangles, uniq_psyche
Temple:   dpeg_three_leaves_temple

Skill      XL: |  1  2  3  4  5  6  7  8  9 10 |
---------------+-------------------------------+-----
Polearms       | 3 4 5 6 8 9 |  9.4
Armour         | 2 3 4 5 6 |  6.5
Dodging        | 2 3 4 5 6 |  6.3
Shields        | 1 2 3 4 5 |  5.8
Fighting       | 4 5 6 7 |  7.6
Slings         | 2 |  2.5

Action                   |  1- 3 |  4- 6 |  7- 9 | 10-12 || total
-------------------------+-------+-------+-------+-------++-------
Melee: Spear             |   106 |   157 |   533 |       ||   796
       Kick              |    18 |    34 |   214 |   135 ||   401
       Trident           |       |       |   239 |   443 ||   682
 Fire: Hunting sling     |       |       |       |    89 ||    89
Invok: Berserk           |       |     4 |     4 |     2 ||    10
       Trog's Hand       |       |       |     4 |     3 ||     7
  Use: Scroll            |     3 |     3 |     4 |     5 ||    15
       Potion            |       |       |       |     1 ||     1
  Eat: Chunk             |     2 |     8 |    20 |    13 ||    43
Armor: Animal skin       |     3 |       |       |       ||     3
       Ring mail         |    12 |       |       |       ||    12
       Plate armour      |    13 |    66 |   218 |   186 ||   483
Dodge: Dodged            |    29 |    20 |   107 |   141 ||   297
Block: Shield            |       |    56 |   283 |   195 ||   534
       Rpst.: Trident    |       |       |       |    15 ||    15

Table legend:
 A = Non-vault XP
 B = Vault XP
 C = Vault XP percentage of total XP
 D = Non-vault monster count
 E = Vault monster count
 F = Vault count percentage of total count
                 A         B        C        D         E       F
            +---------+---------+-------+---------+---------+-------
      Total |    7019 |    4125 |  37.0 |     188 |     131 |  41.1
            +---------+---------+-------+---------+---------+-------
        D:1 |      24 |       4 |  14.3 |      13 |       2 |  13.3
        D:2 |      75 |     255 |  77.3 |      20 |      13 |  39.4
        D:3 |     210 |     905 |  81.2 |      28 |      51 |  64.6
        D:4 |     618 |     448 |  42.0 |      19 |       2 |   9.5
        D:5 |    1444 |     728 |  33.5 |      25 |      50 |  66.7
        D:6 |    1019 |     542 |  34.7 |      21 |       4 |  16.0
        D:7 |     715 |       2 |   0.3 |      23 |       1 |   4.2
        D:8 |    1494 |    1241 |  45.4 |      28 |       8 |  22.2
        D:9 |     546 |       0 |   0.0 |       6 |       0 |   0.0
    Abyss:2 |     874 |       0 |   0.0 |       5 |       0 |   0.0
            +---------+---------+-------+---------+---------+-------
